 Dungeon Crawl Stone Soup version 0.21-a0-251-g5e8393f (webtiles) character file.

1482 nikopol the Cleaver (level 8, -2/70 HPs)
             Began as a Minotaur Fighter on Sept 5, 2017.
             Slain by an orc priest
             ... wielding a +0 flail
              (8 damage)
             ... on level 7 of the Dungeon.
             The game lasted 00:12:12 (5827 turns).

nikopol the Cleaver (Minotaur Fighter)              Turns: 5827, Time: 00:12:13

Health: -2/70      AC:  7    Str: 26    XL:     8   Next: 50%
Magic:  7/7        EV: 10    Int:  5    God:
Gold:   275        SH: 11    Dex: 12    Spells: 7/7 levels left

rFire    . . .     SeeInvis .   a - +0 war axe
rCold    . . .     Gourm    .   c - +0 shield
rNeg     + . .     Faith    .   b - +0 scale mail
rPois    .         Spirit   .   (helmet restricted)
rElec    .         Reflect  .   (no cloak)
rCorr    .         Harm     .   (no gloves)
MR       .....                  (no boots)
Stlth    ..........             (no amulet)
HPRegen  0.21/turn              j - ring of positive energy
MPRegen  0.10/turn              (no ring)

@: mighty
A: retaliatory headbutt, horns 2
a: no special abilities


You were on level 7 of the Dungeon.
You were very hungry.

You visited 2 branches of the dungeon, and saw 8 of its levels.

You collected 275 gold pieces.

Inventory:

Hand Weapons
 a - a +0 war axe (weapon)
Armour
 b - a +0 scale mail (worn)
 c - a +0 shield (worn)
Jewellery
 j - a ring of positive energy (left hand)
 u - an uncursed ring of ice {unknown}
 A - an uncursed ring of see invisible {unknown}
Wands
 B - a wand of scattershot (6/9)
 E - a wand of acid (6/15)
Scrolls
 g - 7 scrolls of identify {unknown}
 i - 4 scrolls of teleportation {unknown}
 n - 3 scrolls of recharging {unknown}
 o - 2 scrolls of immolation {unknown}
 s - 2 scrolls of magic mapping {unknown}
 t - 2 scrolls of remove curse {unknown}
 x - a scroll of enchant weapon {unknown}
 y - a scroll of enchant armour {unknown}
 D - a scroll of blinking {unknown}
Potions
 d - 4 potions of might
 e - 4 potions of flight {unknown}
 h - 3 potions of haste {unknown}
 k - 3 potions of heal wounds {unknown}
 m - 4 potions of agility {unknown}
 p - a potion of mutation {unknown}
 q - 2 potions of curing {unknown}
 r - 4 potions of degeneration {unknown}
 w - 2 potions of berserk rage {unknown}
Comestibles
 f - 8 bread rations
 l - 4 meat rations
 v - 3 royal jellies
 z - 3 fruits


   Skills:
 + Level 5.9 Fighting
 + Level 8.4 Axes
 + Level 7.0 Armour
 + Level 3.4 Dodging
 + Level 1.0 Stealth
 + Level 5.7 Shields


You had 7 spell levels left.
You didn't know any spells.

Dungeon Overview and Level Annotations

Branches:
Dungeon (7/15)             Temple (1/1) D:6

Altars:
Ashenzari
Cheibriados
Dithmenos
Gozag
Hepliaklqana
Kikubaaqudgha
Makhleb
Nemelex Xobeh
Sif Muna
Uskayaw
Vehumet
Wu Jian
Xom
Yredelemnul
Zin
The Shining One

Shops:
D:4 =   D:5 (


Innate Abilities, Weirdness & Mutations

You reflexively headbutt those who attack you in melee.
You have a pair of horns on your head.


Message History

You are too injured to fight recklessly!
You are too injured to fight recklessly!
You are too injured to fight recklessly!
You are too injured to fight recklessly!
You are too injured to fight recklessly!
You closely miss the orc priest.
You hit the orc warrior but do no damage.
You block the orc warrior's attack. The orc priest hits you with a flail!
* * * LOW HITPOINT WARNING * * *
Something hits you but does no damage.
You feel very mighty all of a sudden.
You hear some strange, mumbled words.
A magic dart appears from out of thin air!
The magic dart hits you!
* * * LOW HITPOINT WARNING * * *
The orc warrior hits you with a battleaxe!
* * * LOW HITPOINT WARNING * * *
You barely miss the orc priest. You slash the orc warrior!
You barely miss something. The orc priest hits you with a flail!
You die...

#....# #....#
#....# #....#
#....# #....#
#o{..#
#####@o..#
#....#####
#....#..#
#....#..#
#....'..#
#....#..#
#....#..#
#######'#####
#....#...#


You could see an orc warrior and an orc priest.

Vanquished Creatures
  The ghost of Shiggs the Skirmisher, an amateur NaFi (D:4)
  A hungry ghost (D:6)
  An orc warrior (D:6)
  An ogre (D:3)
  A centaur (D:6)
  A bullfrog (D:6)
  2 howler monkeys (D:5)
  2 crimson imps
  5 orc priests
  2 jellies
  3 orc wizards
  A bullfrog skeleton (D:6)
  An iguana (D:4)
  5 worker ants
  A hound zombie (D:5)
  2 hound skeletons
  11 adders
  A howler monkey skeleton (D:5)
  An ooze (D:7)
  3 adder skeletons
  4 worms
  3 dart slugs
  4 leopard geckos
  16 orcs
  5 giant cockroaches
  3 goblins
  8 hobgoblins
  9 jackals
  2 quokkas
  A ball python zombie (D:5)
  5 bats
  8 frilled lizards
  10 kobolds
  10 rats
134 creatures vanquished.

Notes
Turn   | Place    | Note
-------+----------+-------------------------------------------
     0 | D:1      | nikopol the Minotaur Fighter began the quest for the Orb.
     0 | D:1      | Reached XP level 1. HP: 19/19 MP: 0/0
   205 | D:1      | Reached XP level 2. HP: 16/27 MP: 1/1
   800 | D:2      | Reached XP level 3. HP: 33/33 MP: 2/2
   842 | D:2      | Reached skill level 3 in Axes
  1059 | D:2      | Reached XP level 4. HP: 26/40 MP: 3/3
  1529 | D:3      | Noticed an ogre
  1534 | D:3      | Killed an ogre
  1534 | D:3      | Reached skill level 4 in Axes
  1534 | D:3      | Reached skill level 5 in Armour
  1534 | D:3      | Reached XP level 5. HP: 39/46 MP: 4/4
  1760 | D:3      | Found a shimmering altar of Xom.
  2288 | D:3      | Reached skill level 1 in Dodging
  2754 | D:4      | Reached XP level 6. HP: 37/53 MP: 5/5
  2951 | D:4      | Noticed Shiggs's ghost (amateur NaFi)
  3070 | D:4      | Killed Shiggs's ghost
  3070 | D:4      | Reached skill level 5 in Axes
  3070 | D:4      | Reached skill level 5 in Shields
  3280 | D:4      | Found Tuathoa's Jewellery Emporium.
  3354 | D:4      | Reached skill level 5 in Fighting
  3651 | D:5      | Entered Level 5 of the Dungeon
  3670 | D:5      | Reached XP level 7. HP: 38/61 MP: 6/6
  3936 | D:5      | Found Hetag's Weapon Emporium.
  4181 | D:5      | Reached skill level 6 in Axes
  4722 | D:5      | Reached skill level 7 in Axes
  4775 | D:6      | Reached XP level 8. HP: 6/69 MP: 7/7
  5089 | D:6      | Found a staircase to the Ecumenical Temple.
  5100 | Temple   | Entered the Ecumenical Temple
  5343 | D:6      | Reached skill level 8 in Axes
  5389 | D:6      | Reached skill level 1 in Stealth
  5827 | D:7      | Slain by an orc priest

Vault maps used:
D:1:      erik_arrival_triangle_small, minmay_split_cup_large
D:3:      lemuel_coloured_pillars_altar, serial_corexii_hall,
          corexii_hall_statues_i, corexii_hall_statues_i
D:4:      serial_shops, shop, kennysheep_generic_room_6
D:5:      first_bread, serial_shops, nicolae_shop_behind_doors
D:6:      minmay_temple_entry_fiery
D:7:      gammafunk_temple_overflow_statue, kennysheep_generic_room_5
Temple:   eino_wide_crystal_templ

Skill      XL: |  1  2  3  4  5  6  7  8 |
---------------+-------------------------+-----
Fighting       | 4 5 |  5.9
Armour         | 4 5 6 7 |  7.0
Axes           | 3 4 5 7 8 |  8.4
Shields        | 4 5 |  5.7
Dodging        | 1 2 3 |  3.4
Stealth        | 1 |  1.0

Action                   |  1- 3 |  4- 6 |  7- 9 || total
-------------------------+-------+-------+-------++-------
Melee: War axe           |    86 |   136 |   124 ||   346
       Headbutt          |    10 |    22 |    37 ||    69
  Use: Potion            |       |     1 |     2 ||     3
  Eat: Chunk             |     1 |     7 |     9 ||    17
Armor: Scale mail        |    37 |    52 |    31 ||   120
Dodge: Dodged            |    32 |    35 |    25 ||    92
Block: Shield            |    41 |    71 |    49 ||   161

Table legend:
 A = Spawn XP
 B = Non-spawn XP
 C = Spawn XP percentage of total XP
 D = Spawn monster count
 E = Non-spawn monster count
 F = Spawn count percentage of total count
 G = Total turns spent on level
                    A         B        C        D         E        F      G
               +---------+---------+-------+---------+---------+-------+---------
         Total |     325 |    1793 |  15.3 |      33 |     101 |  24.6 |  5827
               +---------+---------+-------+---------+---------+-------+---------
           D:1 |      13 |      24 |  35.1 |       7 |      16 |  30.4 |   763
           D:2 |      15 |      62 |  19.5 |       6 |      15 |  28.6 |   724
           D:3 |      39 |     199 |  16.4 |       5 |      26 |  16.1 |  1245
           D:4 |       0 |     346 |   0.0 |       0 |      10 |   0.0 |   919
           D:5 |     192 |     441 |  30.3 |       8 |      17 |  32.0 |  1089
           D:6 |      66 |     708 |   8.5 |       7 |      14 |  33.3 |   963
           D:7 |       0 |      13 |   0.0 |       0 |       3 |   0.0 |    45
               +---------+---------+-------+---------+---------+-------+---------
